 Dungeon Sprint DCSS version 0.18.1-8-gdd0e5ea (webtiles) character file.

274072 Hipnos the Ninja (level 12, 58/58 HPs)
             Began as a Spriggan Enchanter on May 21, 2016.
             Was the Champion of Jiyva.
             Escaped with the Orb!
             The game lasted 00:16:00 (1738 turns).

Hipnos the Ninja (Spriggan Enchanter)               Turns: 1738, Time: 00:16:00

Health: 58/58      AC:  4    Str:  5    XL:     12   Next: 42%
Magic:  31/31      EV: 37    Int: 15    God:    Jiyva [******]
Gold:   1656       SH:  0    Dex: 29    Spells: 4 memorised, 30 levels left

rFire  + . .     SeeInvis +     a - +1 dagger
rCold  + . .     Gourm    .     b - +1 robe
rNeg   + . .     Faith    .     (shield restricted)
rPois  +         Spirit   .     p - -2 hat of the Alchemist {rElec rPois rF+ rC+ rN+ MR+ rMut rCorr}
rElec  +         Dismiss  .     (no cloak)
rCorr  +         Reflect  .     (gloves unavailable)
rMut   +         Harm     .     (boots unavailable)
SustAt .         NoTele   +     (no amulet)
MR     ++++.                    s - ring of Fuq Gewnoceh {+Fly rPois MP-9 Dex+3}
Stlth  ++++......               m - ring of magical power

@: very slightly contaminated, very quick, incredibly resistant to hostile
enchantments, stealthy
A: unfitting armour, horns 1, repulsion field 1, yellow scales 1, see invisible,
agile 2, blink, herbivore 3, speed 3, magic resistance 1, shaggy fur 1, slow
metabolism 2, acidic bite, gelatinous body 1, pseudopods 1, translucent skin 1,
tendrils, jelly sensing items, MP-powered wands
a: Blink, Request Jelly, Jelly Paralyse, Slimify, Cure Bad Mutation, Renounce
Religion, Evoke Flight
0: Orb of Zot


You escaped.
You worshipped Jiyva.
Jiyva was exalted by your worship.
You were completely stuffed.

You visited 1 branch You collected 2686 gold pieces.
You spent 1030 gold pieces at shops.

Inventory:

Hand Weapons
 a - a +1 dagger (weapon)
Armour
 b - a +1 robe (worn)
 p - the -2 hat of the Alchemist (worn) {rElec rPois rF+ rC+ rN+ MR+ rMut rCorr}
   (You bought it in a shop in the Dungeon)

   It protects you from fire.
   It protects you from cold.
   It insulates you from electricity.
   It protects you from poison.
   It protects you from negative energy.
   It affects your resistance to hostile enchantments.
   It protects you from acid and corrosion.
   It protects you from mutation.
Jewellery
 m - a ring of magical power (left hand)
 s - the ring of Fuq Gewnoceh (right hand) {+Fly rPois MP-9 Dex+3}
   (You found it in the Dungeon)

   [ring of flight]

   It affects your dexterity (+3).
   It protects you from poison.
   It affects your magic capacity (-9).
   It lets you fly.
Scrolls
 h - 2 scrolls of enchant weapon
 l - 2 scrolls of enchant armour
 n - a scroll of magic mapping
 o - 4 scrolls of identify
 q - a scroll of recharging {unknown}
 r - 2 scrolls of remove curse
Potions
 e - a potion of curing
 g - a potion of haste
 i - a potion of berserk rage
 k - a potion of degeneration {unknown}
 t - a potion of brilliance {unknown}
Books
 c - a book of Maledictions

   Spells                             Type                      Level
   a - Corona                         Hexes                        1
   b - Ensorcelled Hibernation        Hexes/Ice                    2
   c - Confuse                        Hexes                        3
   d - Tukima's Dance                 Hexes                        3
   e - Dazzling Spray                 Conjuration/Hexes            3
 f - a book of Summonings

   Spells                             Type                      Level
   a - Recall                         Summoning/Translocation      3
   b - Aura of Abjuration             Summoning                    5
   c - Summon Demon                   Summoning                    5
   d - Summon Forest                  Summoning/Translocation      5
   e - Summon Mana Viper              Hexes/Summoning              5
   f - Shadow Creatures               Summoning                    6
Comestibles
 d - 2 bread rations


   Skills:
 + Level 4.0 Fighting
 + Level 6.9 Short Blades
 + Level 13.2 Dodging
 O Level 27 Stealth
 + Level 14.3 Spellcasting
 * Level 20.8 Hexes
 - Level 1.9 Ice Magic


You had 30 spell levels left.
You knew the following spells:

 Your Spells              Type           Power        Failure   Level  Hunger
a - Corona                Hex            ######.      0%          1    None
b - Ensorcelled Hibernat  Hex/Ice        #####.       1%          2    None
c - Confuse               Hex            ######..     0%          3    None
d - Dazzling Spray        Conj/Hex       #####...     1%          3    None


Dungeon Overview and Level Annotations

Branches:
Dungeon (1/1)

Altars:
Cheibriados
Dithmenos
Elyvilon
Fedhas
Gozag
Kikubaaqudgha
Makhleb
Nemelex Xobeh
Okawaru
Pakellas
Qazlal
Ru
Sif Muna
Trog
Vehumet
Xom
Yredelemnul
Zin
The Shining One
Jiyva

Shops:
D *[%?([[*[[((%?[:*[*[[?

Annotations:
D Norris, Tiamat


Innate Abilities, Weirdness & Mutations

You are tiny and cannot use many weapons and most armour.
You have supernaturally acute eyesight.
You are a herbivore.
You cover ground extremely quickly.
You need consume almost no food.
You have a pair of small horns on your head.
You are surrounded by a mild repulsion field (EV +2).
You are partially covered in yellow scales (AC +2).
You are very agile. (Dex +4)
You can translocate small distances at will.
You are resistant to hostile enchantments.
You are covered in fur (AC +1).
You have acidic saliva.
Your rubbery body absorbs attacks (AC +1).
Armour fits poorly on your pseudopods.
Your skin is partially translucent (Stealth, -foe acc).
You are covered in slimy tendrils that may disarm your opponents.
You have a small jelly attached to you that senses nearby items.
You expend magic power (3 MP) to strengthen your wands.


Message History

Jiyva alters your body. The horns on your head shrink a bit.
You feel a little less hungry.
There is an open door here.
There is an open door here.
You hear a distant slurping noise.
You feel a little less hungry.
You hear a distant slurping noise.
You feel a little less hungry.
There is an open door here.
There is an open door here.
There is an open door here.
There is an open door here.
There is an open door here.
There is an open door here.
There is an open door here.
There is an open door here.
There is an open door here.
There is a staircase leading out of the dungeon here.
You have escaped!

##################
#@.#..'..#..'..#__
#..'..#..'..#..'..
#..#####J#####'#__
#..####..#...#J###
#..#__####..##J#§§
#..#_.___##'#J.'≈§
#⌠⌠#_.∩...'.§§_#≈≈
####_..._##_.#'##§
#_____###'#.#..


There were no monsters in sight!

Vanquished Creatures
  A golden dragon (D)
  A shadow dragon (D)
  3 fire giants (D)
  A hydra (D)
  2 centaur warriors (D)
  Sonja (D)
  7 unseen horrors (D)
  A deep troll (D)
  A lindwurm (D)
  An oklob plant (D)
  A gargoyle (D)
  2 kobold demonologists (D)
  3 demonic crawlers (D)
  A slime creature (D)
  Sigmund (D)
  A yak (D)
  2 redbacks (D)
  13 hogs (D)
  A wasp (D)
  A necrophage (D)
  An ogre (D)
  A jelly (D)
  Ijyb (D)
48 creatures vanquished.

Vanquished Creatures (collateral kills)
  A lorocyproca (D)
1 creature vanquished.

Vanquished Creatures (others)
  An Orb Guardian (D)
  A siren (D)
  A demonic crawler (D)
  2 giant eyeballs (D)
  6 necrophages (D)
  13 jellies (D)
  A ballistomycete (D)
  2 giant spores (D)
27 creatures vanquished.

Grand Total: 76 creatures vanquished

Notes
Turn   | Place    | Note
--------------------------------------------------------------
     0 | D        | Hipnos the Spriggan Enchanter began the quest for the Orb.
     0 | D        | Reached XP level 1. HP: 9/9 MP: 5/5
     1 | D        | Noticed Ijyb
     8 | D        | Killed Ijyb
     8 | D        | Reached skill level 7 in Stealth
     8 | D        | Reached skill level 5 in Hexes
     8 | D        | Reached XP level 2. HP: 11/13 MP: 7/7
    14 | D        | Learned a level 2 spell: Ensorcelled Hibernation
    14 | D        | Noticed an ogre
    47 | D        | Killed an ogre
    47 | D        | Reached skill level 5 in Dodging
    47 | D        | Reached skill level 9 in Stealth
    47 | D        | Reached skill level 1 in Ice Magic
    47 | D        | Reached XP level 3. HP: 16/16 MP: 3/9
    47 | D        | Reached XP level 4. HP: 21/21 MP: 3/11
    58 | D        | Noticed Sigmund
    61 | D        | Killed Sigmund
    61 | D        | Reached skill level 11 in Stealth
    61 | D        | Reached skill level 5 in Spellcasting
    61 | D        | Reached skill level 10 in Hexes
    61 | D        | Reached XP level 5. HP: 24/24 MP: 5/13
    75 | D        | Found a snail-covered altar of Cheibriados.
    75 | D        | Found a viscous altar of Jiyva.
    75 | D        | Found a shadowy altar of Dithmenos.
    75 | D        | Found a blossoming altar of Fedhas.
    75 | D        | Noticed a slime creature
    99 | D        | Killed a slime creature
    99 | D        | Reached skill level 13 in Stealth
    99 | D        | Reached XP level 6. HP: 24/28 MP: 11/16
   110 | D        | Found a deep blue altar of Sif Muna.
   112 | D        | Found a radiant altar of Vehumet.
   175 | D        | Became a worshipper of Jiyva Jehon the Shapeless
   184 | D        | Found Mutubim's Magic Scroll Emporium.
   184 | D        | Found a white marble altar of Elyvilon.
   184 | D        | Found a stormy altar of Qazlal.
   184 | D        | Found a burning altar of Makhleb.
   184 | D        | Found a sacrificial altar of Ru.
   184 | D        | Found an oddly glowing altar of Pakellas.
   184 | D        | Found a basalt altar of Yredelemnul.
   184 | D        | Found a glowing golden altar of the Shining One.
   184 | D        | Found a sparkling altar of Nemelex Xobeh.
   184 | D        | Found a shimmering altar of Xom.
   184 | D        | Found an opulent altar of Gozag.
   184 | D        | Found an ancient bone altar of Kikubaaqudgha.
   184 | D        | Found a glowing silver altar of Zin.
   184 | D        | Noticed a yak
   185 | D        | Found an iron altar of Okawaru.
   186 | D        | Killed a yak
   186 | D        | Reached skill level 14 in Stealth
   186 | D        | Reached XP level 7. HP: 32/32 MP: 18/18
   187 | D        | Found a bloodstained altar of Trog.
   197 | D        | Reached * piety under Jiyva
   197 | D        | Reached ** piety under Jiyva
   198 | D        | Noticed Sonja
   202 | D        | Killed Sonja
   202 | D        | Reached skill level 16 in Stealth
   202 | D        | Reached XP level 8. HP: 36/36 MP: 18/20
   212 | D        | Noticed a deep troll
   217 | D        | Killed a deep troll
   217 | D        | Reached skill level 18 in Stealth
   227 | D        | Found Zont's Armour Emporium.
   268 | D        | Found Zeaphe's Assorted Antiques.
   278 | D        | Noticed a shining eye
   278 | D        | Noticed a shining eye
   278 | D        | Noticed a shining eye
   278 | D        | Noticed a shining eye
   278 | D        | Noticed a shining eye
   278 | D        | Noticed a shining eye
   280 | D        | Noticed a shining eye
   280 | D        | Noticed a shining eye
   284 | D        | Found Byru's Armour Boutique.
   287 | D        | Found Hiruekk's Weapon Shop.
   288 | D        | Found Ifosk's Antique Armour Shoppe.
   288 | D        | Found Rimayrias's Food Emporium.
   303 | D        | Reached *** piety under Jiyva
   313 | D        | Reached **** piety under Jiyva
   317 | D        | Gained mutation: You have a somewhat thin skeletal structure (Dex +2, Stealth). [Jiyva's grace]
   331 | D        | Noticed a centaur warrior
   331 | D        | Noticed a centaur warrior
   333 | D        | Killed a centaur warrior
   333 | D        | Reached skill level 19 in Stealth
   333 | D        | Reached XP level 9. HP: 40/40 MP: 21/23
   335 | D        | Killed a centaur warrior
   335 | D        | Reached skill level 1 in Fighting
   335 | D        | Reached skill level 20 in Stealth
   335 | D        | Reached skill level 15 in Hexes
   341 | D        | Reached skill level 10 in Spellcasting
   351 | D        | Noticed an oklob plant
   360 | D        | Learned a level 3 spell: Confuse
   364 | D        | Learned a level 3 spell: Dazzling Spray
   374 | D        | Killed an oklob plant
   374 | D        | Reached skill level 21 in Stealth
   377 | D        | Reached ***** piety under Jiyva
   378 | D        | Gained mutation: You are partially covered in yellow scales (AC +2). [Jiyva's grace]
   392 | D        | Noticed an unseen horror
   393 | D        | Noticed an unseen horror
   399 | D        | Killed an unseen horror
   399 | D        | Reached skill level 22 in Stealth
   399 | D        | Reached XP level 10. HP: 45/45 MP: 25/25
   401 | D        | Killed an unseen horror
   417 | D        | Gained mutation: Armour fits poorly on your pseudopods. [Jiyva's grace]
   417 | D        | Reached ****** piety under Jiyva
   418 | D        | Lost mutation: You have a somewhat thin skeletal structure (Dex +2, Stealth). [Jiyva's grace]
   420 | D        | Lost mutation: You are partially covered in yellow scales (AC +2). [Jiyva's grace]
   420 | D        | Gained mutation: You can translocate small distances at will. [Jiyva's grace]
   430 | D        | Gained mutation: You have a small jelly attached to you that senses nearby items. [Jiyva's grace]
   435 | D        | Gained mutation: Your mind is acute. (Int +2) [Jiyva's grace]
   437 | D        | Gained mutation: Your flesh is cold resistant. [Jiyva's grace]
   437 | D        | Gained mutation: You have a small jelly attached to you that may absorb incoming projectiles. [Jiyva's grace]
   440 | D        | Gained mutation: You are surrounded by a mild repulsion field (EV +2). [Jiyva's grace]
   446 | D        | Found Tuthat's Assorted Antiques.
   446 | D        | Found Uzead's Antique Armour Shop.
   446 | D        | Found Pann's Armour Boutique.
   448 | D        | Found Giott's Antique Armour Emporium.
   448 | D        | Found Keru's Weapon Shop.
   448 | D        | Found Keagal's Weapon Shoppe.
   448 | D        | Found Tiboh's Food Boutique.
   448 | D        | Found Pyasy's Magic Scroll Emporium.
   448 | D        | Found Vus Ukhu's Antique Armour Shop.
   448 | D        | Found Bihe's Book Shoppe.
   450 | D        | Bought the -2 hat of the Alchemist {rElec rPois rF+ rC+ rN+ MR+ rMut rCorr} for 802 gold pieces
   457 | D        | Found Ewes's General Store.
   458 | D        | Found Fiw Fimi's Assorted Antiques.
   458 | D        | Found Ickeuth's Armour Boutique.
   459 | D        | Found Voginneu's Antique Armour Emporium.
   469 | D        | Bought a scroll labeled VUMORY YLIUTS for 27 gold pieces
   469 | D        | Bought a scroll labeled ANIOTRU KEVIPRU for 27 gold pieces
   469 | D        | Bought a scroll labeled OTAVIK FILLED for 27 gold pieces
   469 | D        | Bought a scroll labeled NEVOR VERAE for 27 gold pieces
   470 | D        | Bought a scroll of identify for 26 gold pieces
   473 | D        | Bought a scroll of identify for 22 gold pieces
   473 | D        | Bought a scroll of identify for 22 gold pieces
   473 | D        | Bought a scroll of identify for 22 gold pieces
   479 | D        | Bought a scroll labeled SAKLAR BOI for 28 gold pieces
   479 | D        | Lost mutation: Your mind is acute. (Int +2) [Jiyva's grace]
   486 | D        | Identified a scroll of acquirement
   528 | D        | Lost mutation: You have a small jelly attached to you that may absorb incoming projectiles. [Jiyva's grace]
   528 | D        | Gained mutation: You are resistant to hostile enchantments. [Jiyva's grace]
   531 | D        | Gained mutation: Your skin is partially translucent (Stealth, -foe acc). [Jiyva's grace]
   537 | D        | Gained mutation: You expend magic power (3 MP) to strengthen your wands. [Jiyva's grace]
   540 | D        | Reached skill level 23 in Stealth
   545 | D        | Lost mutation: You can translocate small distances at will. [Jiyva's grace]
   548 | D        | Reached skill level 5 in Short Blades
   619 | D        | Reached skill level 24 in Stealth
   629 | D        | Gained mutation: Your system is resistant to poisons. [Jiyva's grace]
   819 | D        | Noticed a lorocyproca
   867 | D        | Killed a lorocyproca
  1064 | D        | Noticed a gargoyle
  1070 | D        | Killed a gargoyle
  1078 | D        | Noticed a lindwurm
  1081 | D        | Killed a lindwurm
  1090 | D        | Reached skill level 25 in Stealth
  1102 | D        | Reached XP level 11. HP: 47/47 MP: 27/27
  1107 | D        | Gained mutation: You tend to lose your temper in combat. [Jiyva's grace]
  1112 | D        | Reached skill level 10 in Dodging
  1124 | D        | Gained mutation: You are agile. (Dex +2) [Jiyva's grace]
  1142 | D        | Noticed a 12-headed hydra
  1144 | D        | Killed a 12-headed hydra
  1144 | D        | Reached skill level 26 in Stealth
  1149 | D        | Gained mutation: You possess an exceptional clarity of mind. [Jiyva's grace]
  1170 | D        | Lost mutation: Your flesh is cold resistant. [Jiyva's grace]
  1174 | D        | Gained mutation: You can translocate small distances at will. [Jiyva's grace]
  1175 | D        | Gained mutation: You have a pair of small horns on your head. [Jiyva's grace]
  1205 | D        | Noticed a shadow dragon
  1205 | D        | Noticed a golden dragon
  1208 | D        | Gained mutation: Your skin is mostly translucent (Stealth, -foe acc). [Jiyva's grace]
  1209 | D        | Killed a shadow dragon
  1211 | D        | Killed a golden dragon
  1211 | D        | Reached skill level 27 in Stealth
  1235 | D        | Got a pitted platinum ring
  1268 | D        | Found Vuzxumaf's Magic Scroll Shoppe.
  1304 | D        | Identified the ring of Fuq Gewnoceh {+Fly rPois MP-9 Dex+3} (You found it in the Dungeon)
  1332 | D        | Noticed a daeva
  1335 | D        | Noticed an unseen horror
  1335 | D        | Noticed an unseen horror
  1335 | D        | Noticed an unseen horror
  1336 | D        | Noticed an unseen horror
  1338 | D        | Killed an unseen horror
  1340 | D        | Killed an unseen horror
  1341 | D        | Noticed an unseen horror
  1342 | D        | Killed an unseen horror
  1342 | D        | Reached XP level 12. HP: 53/53 MP: 26/30
  1350 | D        | Noticed a fire giant
  1353 | D        | Noticed a fire giant
  1354 | D        | Noticed a fire giant
  1355 | D        | Noticed a fire giant
  1357 | D        | Killed a fire giant
  1433 | D        | Lost mutation: Your skin is mostly translucent (Stealth, -foe acc). [Jiyva's grace]
  1450 | D        | Lost mutation: You tend to lose your temper in combat. [Jiyva's grace]
  1487 | D        | Killed a fire giant
  1550 | D        | Killed a fire giant
  1551 | D        | Noticed Norris
  1610 | D        | Gained mutation: Your rubbery body absorbs attacks (AC +1). [Jiyva's grace]
  1635 | D        | Gained mutation: You have a pair of horns on your head. [Jiyva's grace]
  1640 | D        | Gained mutation: You have acidic saliva. [Jiyva's grace]
  1644 | D        | Gained mutation: You are partially covered in yellow scales (AC +2). [Jiyva's grace]
  1655 | D        | Gained mutation: You are very agile. (Dex +4) [Jiyva's grace]
  1663 | D        | Lost mutation: You possess an exceptional clarity of mind. [Jiyva's grace]
  1664 | D        | Noticed Tiamat
  1669 | D        | Gained mutation: You are covered in fur (AC +1). [Jiyva's grace]
  1676 | D        | Got the Orb of Zot
  1676 | D        | Lost mutation: Your system is resistant to poisons. [Jiyva's grace]
  1686 | D        | Gained mutation: You are covered in slimy tendrils that may disarm your opponents. [Jiyva's grace]
  1698 | D        | Lost mutation: You have a pair of horns on your head. [Jiyva's grace]
  1737 | D        | Killed an Orb Guardian
  1738 | D        | Escaped with the Orb!

Skill      XL: |  1  2  3  4  5  6  7  8  9 10 11 12 |
---------------+-------------------------------------+-----
Stealth        | 7 9 11 13 14 16 19 22 25 27 | 27.0
Spellcasting   | 3 4 5 6 7 9 10 11 13 14 | 14.3
Hexes          | 5 7 10 11 12 13 14 15 16 19 20 | 20.8
Dodging        | 5 6 7 8 9 12 13 | 13.2
Ice Magic      | 1 |  1.9
Short Blades   | 2 3 4 5 6 |  6.9
Fighting       | 1 2 3 4 |  4.0

Action                   |  1- 3 |  4- 6 |  7- 9 | 10-12 || total
-------------------------+-------+-------+-------+-------++-------
Melee: Dagger            |     7 |     5 |    14 |    60 ||    86
       Pseudopods        |       |       |       |     9 ||     9
 Cast: Ensorcelled Hiber |     5 |     5 |     1 |    10 ||    21
       Confuse           |       |       |     2 |    11 ||    13
 Abil: Blink             |       |       |       |     1 ||     1
  Use: Potion            |     1 |     1 |       |     2 ||     4
       Scroll            |       |       |       |     9 ||     9
 Stab: Sleeping          |     2 |     5 |     8 |    28 ||    43
       Confused          |       |       |     2 |     4 ||     6
       Distracted        |       |       |       |     2 ||     2
Dodge: Dodged            |     5 |     1 |     1 |    64 ||    71
